 Dungeon Crawl Stone Soup version 0.27.0-1-g7a089689b8 (webtiles) character file.

Game seed: 9425013971478673080

291469 Spaninq the Peltast (level 21, -17/156 (172) HPs)
             Began as a Formicid Gladiator on Aug 7, 2021.
             Was a Follower of Uskayaw.
             Killed from afar by a deep elf sorcerer (41 damage)
             ... with a bolt of acid
             ... on level 3 of the Elven Halls.
             The game lasted 02:11:10 (42282 turns).

Spaninq the Peltast (Formicid Gladiator)           Turns: 42282, Time: 02:11:11

HP:   -17/156 (172) AC: 43    Str: 29    XL:     21   Next: 66%
MP:   22/26         EV: 10    Int: 11    God:    Uskayaw [*.....]
Gold: 1739          SH: 27    Dex: 12    Spells: 20/20 levels left

rFire    . . .     SeeInvis +   e - +6 shillelagh "Devastator" {shatter}
rCold    . . .     Faith    .   n - +0 tower shield
rNeg     . . .     Spirit   .   y - +8 orange crystal plate armour {Archmagi, Int+3 Clar}
rPois    +         Reflect  +   (helmet unavailable)
rElec    .         Harm     .   B - +1 cloak {Will+}
rCorr    .         Rampage  .   x - +0 pair of gloves {archery}
Will     ++++.     Archmagi +   p - +1 pair of boots Stlth ..........Clarity +
                                P - amulet of reflection
HPRegen  0.36/turn              f - ring of willpower
MPRegen  0.20/turn              j - ring of Symmetry {rPois AC+4}

@: very slightly contaminated, studying Ice Magic, drained, invisible
A: permanent stasis, dig shafts and tunnels, antennae 3, four strong arms
}: 2/15 runes: decaying, gossamer
a: Dig, Shaft Self, Renounce Religion, Stomp


You were on level 3 of the Elven Halls.
You worshipped Uskayaw.
Uskayaw was noncommittal.
You visited 7 branches of the dungeon, and saw 33 of its levels.
You visited the Abyss 1 time.
You also visited: Sewer, Ice Cave and Volcano.

You collected 5643 gold pieces.
You spent 3904 gold pieces at shops.

Inventory:

Hand Weapons
 c - a +0 hand crossbow
 e - the +6 shillelagh "Devastator" (weapon) {shatter}
   (You bought it in a shop on level 5 of the Dungeon)

   It releases a powerful concussive burst when it strikes, dealing extra damage
   to the target and all other foes adjacent to them.
 z - a +0 triple crossbow
 O - a +2 great mace of flaming
 S - a +1 arbalest of freezing
Missiles
 G - 258 bolts
Armour
 n - a +0 tower shield (worn)
 p - a +1 pair of boots (worn)
 x - a +0 pair of gloves of archery (worn)
 y - the +8 orange crystal plate armour (worn) {Archmagi, Int+3 Clar}
   (You acquired it on level 7 of the Dungeon)

   Int:       It affects your intelligence (+3).
   Clar:      It protects you against confusion.
 B - a +1 cloak of willpower (worn)
 N - a +1 pair of gloves of strength
Jewellery
 d - the ring of Demons {rF++ MP+9 Str-5}
   (You acquired it on level 7 of the Dungeon)

   [ring of magical power]

   Str:       It affects your strength (-5).
   rF:        It greatly protects you from fire.
   MP:        It affects your magic capacity (+9).
 f - a ring of willpower (left hand)
 j - the ring of Symmetry (right hand) {rPois AC+4}
   (You bought it in a shop on level 2 of the Orcish Mines)

   [ring of protection]

   AC:        It affects your AC (+4).
   rPois:     It protects you from poison.
 J - a ring of protection from fire
 P - an amulet of reflection (around neck)
Wands
 k - a wand of flame (142)
 t - a wand of iceblast (52)
 u - a wand of paralysis (20)
 v - a wand of acid (38)
 C - a wand of digging (13)
 I - a wand of polymorph (19)
 K - a wand of charming (6)
 L - a wand of mindburst (22)
Scrolls
 a - a scroll of brand weapon
 h - 2 scrolls of magic mapping
 A - 3 scrolls of holy word
 D - 4 scrolls of enchant armour
 E - 9 scrolls of fear
 F - 10 scrolls of identify
 H - 6 scrolls of enchant weapon
 M - 2 scrolls of amnesia
 R - 4 scrolls of fog
Potions
 b - 5 potions of might
 g - 9 potions of flight
 i - 2 potions of brilliance
 l - a potion of mutation
 m - 4 potions of magic
 o - 15 potions of curing
 r - 4 potions of cancellation
 s - a potion of resistance
Miscellaneous
 Q - a phial of floods


   Skills:
 + Level 16.7 Fighting
 - Level 16.7(17.3) Maces & Flails
 - Level 8.3(13.5) Staves
 - Level 0.4 Bows
 * Level 15.8 Crossbows
 - Level 2.0 Throwing
 + Level 16.6 Armour
 + Level 10.5 Dodging
 + Level 16.8 Shields
 - Level 7.2 Invocations


You had 20 spell levels left.
You didn't know any spells.
Your spell library contained the following spells:

 Spells                   Type           Power      Damage    Failure   Level
 Magic Dart               Conj           0%         1d3       99%         1
 Call Imp                 Summ           0%         N/A       100%        2
 Ensorcelled Hibernation  Hex/Ice        0%         N/A       100%        2
 Searing Ray              Conj           0%         3d3       100%        2
 Slow                     Hex            0%         N/A       100%        2
 Static Discharge         Conj/Air       0%         N/A       100%        2
 Confusing Touch          Hex            0%         N/A       100%        3
 Gell's Gravitas          Tloc           0%         N/A       100%        3
 Lesser Beckoning         Tloc           0%         N/A       100%        3
 Mephitic Cloud           Conj/Pois/Air  0%         N/A       100%        3
 Spider Form              Tmut/Pois      0%         N/A       100%        3
 Teleport Other           Tloc           0%         N/A       100%        3
 Animate Dead             Necr           0%         N/A       100%        4
 Cause Fear               Hex            0%         N/A       100%        4
 Fulminant Prism          Conj/Hex       0%         3d6       100%        4
 Summon Lightning Spire   Summ/Air       0%         N/A       100%        4
 Borgnjor's Vile Clutch   Necr/Erth      0%         N/A       100%        5
 Fireball                 Conj/Fire      0%         3d3       100%        5
 Iskenderun's Battlesphe  Conj           0%         2d6       100%        5
 Lightning Bolt           Conj/Air       0%         1d11      100%        5
 Manifold Assault         Tloc           0%         N/A       100%        5
 Yara's Violent Unravell  Hex/Tmut       0%         3d3       100%        5
 Death Channel            Necr           0%         N/A       100%        6
 Dispersal                Tloc           0%         N/A       100%        6
 Iron Shot                Conj/Erth      0%         9d1       100%        6
 Shadow Creatures         Summ           N/A        N/A       100%        6
 Starburst                Conj/Fire      0%         8x6d3     100%        6
 Dragon Form              Tmut           0%         N/A       100%        7
 Spellforged Servitor     Conj/Summ      0%         N/A       100%        7
 Storm Form               Tmut/Air       0%         N/A       100%        7
 Disjunction              Tloc           0%         N/A       100%        8
 Ignition                 Fire           0%         3d3       100%        8
 Maxwell's Capacitive Co  Air            0%         ∞         100%        8
 Dragon's Call            Summ           0%         N/A       100%        9
 Blink                    Tloc           Unusable   N/A       N/A         2

Dungeon Overview and Level Annotations

Branches:
Dungeon (13/15)            Temple (1/1) D:6            Lair (6/6) D:10
  Swamp (4/4) Lair:2       Spider (4/4) Lair:3        Slime (0/5) Lair:6
    Orc (2/2) D:9             Elf (3/3) Orc:2        Vaults (0/5) D:13
  Sewer (visited)           IceCv (visited)         Volcano (visited)

Altars:
Ashenzari
Cheibriados
Dithmenos
Elyvilon
Fedhas
Gozag
Hepliaklqana
Kikubaaqudgha
Makhleb
Nemelex Xobeh
Okawaru
Qazlal
Ru
Sif Muna
Trog
Uskayaw
Vehumet
Wu Jian
Xom
Yredelemnul
Zin
The Shining One
Beogh
Jiyva

Shops:
D:5 *?   D:6 (   Orc:1 (((:!   Orc:2 ?*=(   Elf:1 :**   Elf:2 ?   Elf:3 (!

Portals:
Pandemonium: Orc:2

Annotations:
D:12 3 runed translucent doors, Sabo's ghost, journeyman DsBe
Spider:1 2 transporters, SnakkuSnakku7's ghost, adept DrAM
Spider:3 1 runed translucent door, reativica's ghost, journeyman CeHu
Orc:2 3 runed translucent doors, contendunt's ghost, journeyman MiFi; sasquatch's ghost, journeyman TrBe


Innate Abilities, Weirdness & Mutations

You cannot be hasted, slowed, berserked, paralysed or teleported.
You can dig through walls and to a lower floor.
You have a pair of large antennae on your head. (SInv)
Your four strong arms can wield two-handed weapons with a shield.


Message History

The ghostly deep elf annihilator is moderately damaged.
The deep elf sorcerer is lightly wounded.
The ghostly deep elf death mage is moderately damaged.
The deep elf sorcerer shouts, "You can't withstand my power!"
You block the deep elf sorcerer's attack.
The ghostly deep elf death mage casts a spell at you.
The bolt of negative energy hits you.
You feel drained.
* * * LOW HITPOINT WARNING * * *
You barely miss the deep elf sorcerer.
The deep elf sorcerer is lightly wounded.
The deep elf master archer shoots an arrow.
The arrow hits the ghostly deep elf sorcerer!!!
You block the ghostly deep elf sorcerer's attack.
The deep elf sorcerer shouts, "Entram moth deg ulag!"
The deep elf sorcerer points at you and mumbles some strange words.
The bolt of acid hits you.
* * * LOW HITPOINT WARNING * * *
You are splashed with acid!
* * * LOW HITPOINT WARNING * * *
You block the earth elemental's attack.
The deep elf master archer shoots an arrow.
The arrow completely misses the ghostly deep elf sorcerer.
The arrow completely misses the earth elemental.
You feel much better.
The ghostly deep elf annihilator casts a spell at you.
The bolt of lightning hits you!
* * * LOW HITPOINT WARNING * * *
The bolt of lightning hits the earth elemental.
The earth elemental completely resists.
The deep elf demonologist casts a spell.
You block the earth elemental's attack.
The deep elf elementalist points at you and mumbles some strange words.
Some walls begin to move on their own!
You hear a shout!
The deep elf sorcerer seems less brilliant.
The ghostly deep elf sorcerer mumbles some strange words.
The ghostly deep elf sorcerer seems to speed up.
The deep elf sorcerer gestures at you while chanting.
The bolt of acid hits you!!!
You die...

#.........# #..# #..#
##...##)#####..# #..#
#....)))......###..##
###.###(.............
#.# #####..######..
#.# #..# #). #.##
#..# #.. ###).# #..#
##'' ##eEE@# #..#
##... ###.eeee# #..#
##.... #.*eE2.e#
#..###..... #..E.E.##
#..##...... #.eee####
##########. ##2.#.#
#. #EE# # { #. #e{# {
#. #e.# { #.


You could see a deep elf blademaster, a balrug (summoned), a deep elf master
archer, a deep elf annihilator (empowered), a ghostly deep elf annihilator, a
deep elf death mage, a ghostly deep elf death mage (empowered), a blizzard demon
(summoned), 2 deep elf sorcerers, a ghostly deep elf sorcerer (fast, empowered),
2 deep elf elementalists, 7 earth elementals and a lost soul (summoned).

Vanquished Creatures
  Mara (Swamp:4)
  Bai Suzhen (Swamp:3)
  Nikola (Spider:2)
  Arachne (Spider:2)
  A deep elf blademaster (Elf:2)
  2 tentacled starspawn (Abyss:2)
  Agnes (Spider:3)
  A thorn hunter (Swamp:4)
  2 fenstrider witches (Swamp:3)
  8 ghost moths
  Louise (Swamp:1)
  5 emperor scorpions
  A deep elf elementalist (Elf:3)
  2 very ugly things (IceCv)
  A reaper (Abyss:2)
  Nessos (Lair:6)
  3 bunyips
  3 deep elf demonologists
  5 entropy weavers
  2 deep elf annihilators (Elf:3)
  3 eleionomae
  2 spark wasps (Spider:4)
  4 deep elf death magi
  A shambling mangrove (Swamp:4)
  27 hydras
  2 vault guards (D:13)
  Harold (Orc:1)
  2 caustic shrike simulacra (IceCv)
  3 boulder beetles
  A centaur warrior (D:13)
  3 two-headed ogres
  34 dancing weapons
  7 alligators
  2 tengu warriors (D:13)
  3 death yaks
  8 orc high priests (Orc:2)
  2 sun demons
  A soul eater (Orc:2)
  A spriggan berserker (Swamp:4)
  Sonja (D:13)
  A hell knight (Volcano)
  19 deep elf knights
  3 wretched stars (Abyss:2)
  7 skeletal warriors
  A torturous demonspawn (Orc:2)
  2 death drakes
  3 goliath frogs
  16 swamp dragons
  2 spriggan druids
  A gelid demonspawn (Orc:2)
  2 wizards (D:13)
  2 orange crystal statues (IceCv)
  7 starcursed masses (Abyss:2)
  Pikel (D:8)
  16 deep elf archers
  4 orc knights (Orc:2)
  6 bog bodies
  3 necromancers (D:13)
  24 orb spiders
  4 orc sorcerers
  19 deep elf zephyrmancers
  A mana viper (Abyss:2)
  4 cyclopes
  2 ugly things (Volcano)
  25 deep elf pyromancers
  49 wolf spiders
  Maurice (D:11)
  3 will-o-the-wisps
  10 black mambas
  A manticore (Lair:6)
  9 elephants
  A guardian serpent (Lair:6)
  2 molten gargoyles (Volcano)
  A moth of wrath (Spider:3)
  2 smoke demons
  3 torpor snails
  Joseph (D:7)
  An orange demon (Abyss:2)
  A gargoyle (D:11)
  11 komodo dragons
  19 cane toads
  Maggie (D:6)
  5 rime drakes
  14 demonic crawlers
  3 freezing wraiths (IceCv)
  An anaconda simulacrum (IceCv)
  4 golden dragon simulacra (IceCv)
  2 red devils (Orc:2)
  8 tyrant leeches
  An ancient zyme (Abyss:2)
  A bloated husk (Swamp:2)
  A jumping spider (shapeshifter) (Elf:2)
  A polar bear (Lair:6)
  4 trolls
  22 hornets
  43 jumping spiders
  A hornet (shapeshifter) (D:13)
  19 blink frogs
  7 dream sheep
  6 slime creatures
  3 air elementals
  2 vampires
  3 shadows
  29 tarantellas
  28 yaks
  13 spriggans
  2 ynoxinuls (Abyss:2)
  2 dire elephant simulacra (IceCv)
  84 redbacks
  7 wyverns
  18 humans (D:13)
  2 fire bats (Volcano)
  2 water elementals
  2 basilisks (Lair:6)
  3 fire elementals
  5 large abominations (Abyss:2)
  3 chaos spawn
  10 vampire mosquitoes
  Menkaure (D:4)
  3 steam dragons
  A harpy simulacrum (IceCv)
  A warg (Orc:1)
  20 swamp worms
  2 hydra simulacra (IceCv)
  2 acid dragons (D:11)
  2 hell hounds (Volcano)
  29 water moccasins
  7 swamp drakes
  2 black bears
  2 sky beasts (D:6)
  2 ice beasts
  17 orc warriors
  3 alligator simulacra (IceCv)
  2 necrophages (D:4)
  7 ogres
  21 wolves
  8 centaurs
  A lemure (D:8)
  3 phantoms
  16 bullfrogs
  2 kobold brigands
  Blork the orc (D:4)
  A gnoll sergeant (D:8)
  2 earth elementals
  4 scorpions
  5 small abominations (Abyss:2)
  6 killer bees (D:10)
  2 lindwurm simulacra (IceCv)
  4 electric eels
  A howler monkey (D:6)
  5 wights (D:6)
  7 lava snakes (Volcano)
  2 centaur zombies
  2 quasits (Abyss:2)
  4 hounds
  A gnoll shaman (D:5)
  26 orc priests
  Crazy Yiuf (D:7)
  2 centaur skeletons (D:7)
  An iron imp (Abyss:2)
  3 iguanas
  21 orc wizards
  Natasha (thrice) (D:3)
  6 ogre zombies (D:9)
  2 howler monkey zombies (D:9)
  6 gnolls
  12 adders
  2 shadow imps (D:6)
  2 white imps (Abyss:2)
  2 ufetubi
  An adder skeleton (D:4)
  2 worms (D:2)
  2 dart slugs
  60 orcs
  8 ball pythons
  7 endoplasms
  5 giant cockroaches
  8 goblins
  8 hobgoblins
  3 jackals (D:3)
  7 quokkas
  3 training dummies (D:6)
  3 bats
  8 frilled lizards
  2 goblin skeletons (D:9)
  4 goblin zombies (D:9)
  4 hobgoblin zombies (D:9)
  A jackal skeleton (D:4)
  19 kobolds
  An orc skeleton (D:9)
  8 orc zombies (D:9)
  4 rats
  9 briar patches (Swamp:4)
  A starspawn tentacle (Abyss:2)
1271 creatures vanquished.

Vanquished Creatures (others)
  A deep elf pyromancer (Elf:2)
  A deep elf zephyrmancer (Elf:3)
  A demonic crawler (Spider:2)
  A jumping spider (Spider:4)
  A spriggan (Swamp:2)
  A redback (Spider:4)
  A basilisk (Lair:6)
  6 foxfires (Swamp:2)
  56 fungi
  96 plants
  3 starspawn tentacles (Abyss:2)
  5 withered plants (Orc:2)
173 creatures vanquished.

Grand Total: 1444 creatures vanquished

Notes
Turn   | Place    | Note
-------+----------+-------------------------------------------
     0 | D:1      | Spaninq the Formicid Gladiator began the quest for the Orb.
     0 | D:1      | Reached XP level 1. HP: 16/16 MP: 1/1
   421 | D:1      | Reached XP level 2. HP: 21/23 MP: 2/2
   661 | D:1      | Reached skill level 1 in Armour
   783 | D:1      | Found a faded altar of an unknown god.
   798 | D:1      | Became a worshipper of Uskayaw the Reveller
   798 | D:1      | Reached * piety under Uskayaw
   968 | D:2      | Reached XP level 3. HP: 28/28 MP: 3/3
  1011 | D:2      | Reached ** piety under Uskayaw
  1012 | D:2      | Reached *** piety under Uskayaw
  1017 | D:2      | Reached **** piety under Uskayaw
  1020 | D:2      | Reached ***** piety under Uskayaw
  1021 | D:2      | Reached XP level 4. HP: 24/34 MP: 4/4
  1731 | D:2      | Reached XP level 5. HP: 39/41 MP: 5/5
  2960 | D:4      | Found a glowing silver altar of Zin.
  2960 | D:4      | Noticed an angel
  2960 | D:4      | Noticed Blork the orc
  2960 | D:4      | Noticed a necrophage
  3184 | D:4      | Noticed Natasha
  3190 | D:3      | Killed Natasha
  3191 | D:3      | Reached XP level 6. HP: 33/47 MP: 6/6
  3361 | D:3      | Noticed Natasha
  3373 | D:3      | Killed Natasha
  3374 | D:3      | Reached skill level 5 in Staves
  3448 | D:3      | Noticed Natasha
  3456 | D:3      | Killed Natasha
  3754 | D:4      | Reached XP level 7. HP: 38/54 MP: 7/7
  4072 | D:4      | Noticed Menkaure
  4081 | D:4      | Killed Menkaure
  4126 | D:4      | Reached XP level 8. HP: 46/61 MP: 8/8
  4234 | D:4      | Killed Blork the orc
  4235 | D:4      | Reached skill level 5 in Fighting
  4371 | D:4      | Found a shimmering altar of Xom.
  4494 | D:5      | Entered Level 5 of the Dungeon
  4494 | D:5      | Found Tonien's Magic Scroll Shop.
  4500 | D:5      | Identified a scroll of acquirement
  4500 | D:5      | Acquired 1138 gold pieces
  4568 | D:5      | Found a sacrificial altar of Ru.
  4570 | D:5      | Found a shimmering blue altar of Sif Muna.
  4571 | D:5      | Found a broken altar of Ashenzari.
  4627 | D:5      | Found a glowing drain.
  4632 | Sewer    | Entered a sewer
  5358 | D:5      | Reached skill level 5 in Armour
  5924 | D:5      | Reached XP level 9. HP: 46/69 MP: 9/9
  6157 | D:5      | Found Goeheomp's Mayhem Merchandise.
  6163 | D:5      | Bought the +6 shillelagh "Devastator" {shatter} for 600
                  | gold pieces
  6163 | D:5      | Found the +6 shillelagh "Devastator" {shatter}
  6431 | D:6      | Reached skill level 1 in Maces & Flails
  6431 | D:6      | Reached skill level 1 in Shields
  6598 | D:6      | Found Unanaq's Firing Range.
  6794 | D:6      | Found a staircase to the Ecumenical Temple.
  6810 | Temple   | Entered the Ecumenical Temple
  7005 | D:6      | Noticed Maggie
  7013 | D:6      | Killed Maggie
  7306 | D:7      | Acquired a +0 pair of gloves of archery
  7313 | D:7      | Acquired the +8 orange crystal plate armour {Archmagi,
                  | Int+3 Clar}
  7314 | D:7      | Found the +8 orange crystal plate armour {Archmagi, Int+3
                  | Clar}
  7326 | D:7      | Acquired the ring of Demons {rF++ MP+9 Str-5}
  7385 | D:7      | Noticed a slime creature
  7385 | D:7      | Noticed a slime creature
  7386 | D:7      | Noticed a slime creature
  7645 | D:7      | Killed a slime creature
  7646 | D:7      | Reached XP level 10. HP: 54/79 MP: 10/10
  7655 | D:7      | Reached skill level 5 in Maces & Flails
  7972 | D:7      | Noticed Joseph
  7986 | D:7      | Killed Joseph
  8157 | D:6      | Reached skill level 5 in Shields
  8259 | D:7      | Found a radiant altar of Vehumet.
  8520 | D:7      | Found a runed translucent door.
  8521 | D:7      | Noticed Crazy Yiuf
  8525 | D:7      | Killed Crazy Yiuf
  9037 | D:8      | Noticed Pikel
  9043 | D:8      | Killed Pikel
  9065 | D:8      | Reached XP level 11. HP: 87/87 MP: 11/11
  9279 | D:8      | Found a white marble altar of Elyvilon.
  9338 | D:8      | Found a hazy altar of Hepliaklqana.
  9339 | D:8      | Found a faded altar of an unknown god.
  9675 | D:9      | Found a sparkling altar of Nemelex Xobeh.
  9682 | D:9      | You fall into a shaft and drop 1 floor!
  9682 | D:10     | Entered Level 10 of the Dungeon
  9749 | D:10     | Noticed a boulder beetle
  9822 | D:10     | Killed a boulder beetle
 10328 | D:9      | Found a staircase to the Orcish Mines.
 10620 | D:9      | Identified the +0 leather armour of Pride {+Blink rN+
                  | Int-4}
 11131 | D:9      | Found the +27 Lear's hauberk
 11718 | D:10     | Found a staircase to the Lair.
 12151 | D:10     | Acquired 1115 gold pieces
 12421 | D:11     | Noticed a cyclops
 12437 | D:11     | Killed a cyclops
 12879 | D:11     | Noticed Maurice
 12888 | D:11     | Killed Maurice
 13219 | D:12     | Noticed a five-headed hydra
 13224 | D:12     | Reached XP level 12. HP: 91/96 MP: 12/12
 13227 | D:12     | Killed a five-headed hydra
 13253 | D:12     | Noticed a skeletal warrior
 13254 | D:12     | Noticed a skeletal warrior
 13255 | D:12     | Noticed a skeletal warrior
 13256 | D:12     | Noticed a skeletal warrior
 13264 | D:12     | Killed a skeletal warrior
 13265 | D:12     | Killed a skeletal warrior
 13266 | D:12     | Killed a skeletal warrior
 13266 | D:12     | Killed a skeletal warrior
 13267 | D:12     | Reached skill level 10 in Fighting
 13267 | D:12     | Reached skill level 10 in Maces & Flails
 13446 | D:12     | Noticed a five-headed hydra
 13451 | D:12     | Killed a five-headed hydra
 13543 | D:12     | Reached skill level 10 in Armour
 13544 | D:12     | Reached ****** piety under Uskayaw
 13685 | D:12     | Noticed a boulder beetle
 13699 | D:12     | Killed a boulder beetle
 13902 | D:12     | Found a glowing silver altar of Zin.
 13903 | D:12     | Noticed an angel
 13933 | D:12     | Found a runed translucent gate.
 13933 | D:12     | Found a runed translucent gate.
 13935 | D:12     | Found a runed translucent gate.
 13938 | D:12     | Noticed Sabo's ghost (journeyman DsBe)
 13976 | D:13     | Noticed a skeletal warrior
 13977 | D:13     | Noticed a skeletal warrior
 13977 | D:13     | Noticed a skeletal warrior
 13988 | D:13     | Killed a skeletal warrior
 13989 | D:13     | Killed a skeletal warrior
 13993 | D:13     | Killed a skeletal warrior
 13994 | D:13     | Reached XP level 13. HP: 88/104 MP: 13/13
 14062 | D:13     | Acquired a manual of Maces & Flails
 14443 | D:13     | Noticed a centaur warrior
 14451 | D:13     | Killed a centaur warrior
 14504 | D:13     | Noticed Sonja
 14511 | D:13     | Killed Sonja
 14528 | D:13     | Noticed a five-headed hydra
 14536 | D:13     | Killed a five-headed hydra
 14537 | D:13     | Reached skill level 10 in Shields
 14645 | D:13     | Found a gate to the Vaults.
 14645 | D:13     | Noticed a vault guard
 14645 | D:13     | Noticed a vault guard
 14654 | D:13     | Killed a vault guard
 14655 | D:13     | Killed a vault guard
 15109 | Lair:1   | Entered Level 1 of the Lair of Beasts
 15567 | D:6      | Bought 21 bolts for 58 gold pieces
 15567 | D:6      | Bought 15 bolts for 42 gold pieces
 15571 | D:6      | Bought a +0 hand crossbow for 49 gold pieces
 15772 | Lair:1   | Noticed a four-headed hydra
 15778 | Lair:1   | Killed a four-headed hydra
 15912 | Lair:1   | Reached XP level 14. HP: 114/114 MP: 14/14
 16567 | Lair:2   | You fall into a shaft and drop 2 floors!
 17597 | Lair:2   | Reached skill level 1 in Crossbows
 17601 | Lair:2   | Found a staircase to the Swamp.
 18061 | Lair:3   | Found a hole to the Spider Nest.
 19364 | Lair:4   | Found a snail-covered altar of Cheibriados.
 19486 | Lair:4   | Identified the +3 buckler of Ryro {rC+}
 20031 | Lair:5   | Reached XP level 15. HP: 113/122 MP: 15/15
 20641 | Lair:6   | Entered Level 6 of the Lair of Beasts
 20782 | Lair:6   | Reached skill level 5 in Crossbows
 20861 | Lair:6   | Found a viscous altar of Jiyva.
 20872 | Lair:6   | Found a staircase to the Slime Pits.
 20894 | Lair:6   | Reached skill level 15 in Maces & Flails
 21851 | Lair:6   | Noticed Nessos
 21865 | Lair:6   | Killed Nessos
 22750 | Orc:1    | Entered Level 1 of the Orcish Mines
 22762 | Orc:1    | Found Gareem's Book Shoppe.
 22818 | Orc:1    | Found Nuloid's Antique Weapon Shop.
 22827 | Orc:1    | Bought a faintly glowing mace for 184 gold pieces
 22827 | Orc:1    | Identified the +6 mace of Hozamnatt {vorpal, +Blink rPois
                  | Dex-4 Stlth+} (You bought it in a shop on level 1 of the
                  | Orcish Mines)
 22827 | Orc:1    | Bought a fine flail for 195 gold pieces
 22827 | Orc:1    | Identified the +9 flail of Xom's Displeasure {speed, rF+
                  | rC+ Int+2} (You bought it in a shop on level 1 of the
                  | Orcish Mines)
 22850 | Orc:1    | Found Qouvez's Weapon Shop.
 22924 | Orc:1    | Bought 15 bolts for 30 gold pieces
 22979 | Orc:1    | Found Otih's Distillery.
 22991 | Orc:1    | Bought a potion of heal wounds for 55 gold pieces
 22991 | Orc:1    | Bought a potion of curing for 33 gold pieces
 22991 | Orc:1    | Bought 2 potions of heal wounds for 110 gold pieces
 22991 | Orc:1    | Bought a potion of curing for 33 gold pieces
 22991 | Orc:1    | Bought a potion of might for 44 gold pieces
 22991 | Orc:1    | Bought a potion of curing for 33 gold pieces
 23058 | Orc:1    | Noticed Harold
 23071 | Orc:1    | Killed Harold
 23167 | Orc:1    | Found Tefasch's Weapon Boutique.
 23199 | Orc:1    | Bought 18 bolts for 54 gold pieces
 23199 | Orc:1    | Bought 11 bolts for 33 gold pieces
 23307 | Orc:2    | Entered Level 2 of the Orcish Mines
 23374 | Orc:2    | Found a dark tunnel.
 23383 | Volcano  | Entered a volcano
 23655 | Volcano  | Found a radiant altar of Vehumet.
 23664 | Volcano  | Reached XP level 16. HP: 131/131 MP: 16/16
 24085 | Orc:2    | Found a staircase to the Elven Halls.
 24216 | Orc:2    | Found Biygoplu's General Store.
 24221 | Orc:2    | Found Samm's Magic Scroll Shop.
 24280 | Orc:2    | Bought a potion of curing for 33 gold pieces
 24282 | Orc:2    | Bought a scroll of enchant weapon for 90 gold pieces
 24282 | Orc:2    | Bought a scroll of brand weapon for 240 gold pieces
 24282 | Orc:2    | Bought a scroll of enchant armour for 90 gold pieces
 24931 | Orc:2    | Found Honummyi's Jewellery Shoppe.
 24931 | Orc:2    | Found a one-way gate leading to the halls of Pandemonium.
 24931 | Orc:2    | Found Soto's Antique Weapon Emporium.
 24958 | Orc:2    | Bought the ring of Symmetry {rPois AC+4} for 708 gold
                  | pieces
 25488 | Orc:2    | Found a runed translucent gate.
 25488 | Orc:2    | Found a runed translucent gate.
 25488 | Orc:2    | Found a runed translucent gate.
 25546 | Orc:2    | Noticed sasquatch's ghost (journeyman TrBe)
 25546 | Orc:2    | Noticed contendunt's ghost (journeyman MiFi)
 25775 | Spider:1 | Entered Level 1 of the Spider Nest
 25775 | Spider:1 | Found a transporter.
 25775 | Spider:1 | Found a transporter.
 25775 | Spider:1 | Noticed SnakkuSnakku7's ghost (adept DrAM)
 26176 | Orc:2    | Bought an amulet of reflection for 450 gold pieces
 26420 | Spider:1 | Reached skill level 5 in Dodging
 27635 | Spider:2 | Noticed Nikola
 27692 | Spider:2 | Noticed Arachne
 27703 | Spider:2 | Killed Arachne
 27704 | Spider:2 | Reached XP level 17. HP: 135/139 MP: 17/17
 27937 | Spider:2 | Reached skill level 10 in Crossbows
 28010 | Spider:2 | Killed Nikola
 28011 | Spider:2 | Reached skill level 1 in Invocations
 29242 | Spider:3 | Noticed Agnes
 29249 | Spider:3 | Killed Agnes
 29295 | Spider:3 | Found a shimmering altar of Xom.
 29295 | Spider:3 | Noticed reativica's ghost (journeyman CeHu)
 29297 | Spider:3 | Found a runed translucent door.
 29846 | Spider:4 | Entered Level 4 of the Spider Nest
 29988 | Spider:4 | Reached XP level 18. HP: 130/147 MP: 21/21
 30986 | Spider:4 | Reached skill level 5 in Invocations
 31520 | Spider:4 | Got a gossamer rune of Zot
 31542 | Spider:4 | Reached skill level 15 in Shields
 31708 | Spider:4 | Reached skill level 15 in Fighting
 32281 | Swamp:1  | Entered Level 1 of the Swamp
 32427 | Swamp:1  | Identified the +2 robe of Igakhlag {rElec Int+4}
 32600 | Swamp:1  | Identified the +3 falchion "Tesatz" {vorpal, rPois Str+2
                  | SInv}
 32812 | Swamp:1  | Reached skill level 15 in Armour
 33032 | Swamp:2  | Noticed Louise
 33043 | Swamp:2  | Reached XP level 19. HP: 92/155 MP: 22/24
 33081 | Swamp:1  | Killed Louise
 34788 | Swamp:3  | Noticed Bai Suzhen
 34831 | Swamp:3  | Killed Bai Suzhen
 35214 | Swamp:4  | Entered Level 4 of the Swamp
 35265 | Swamp:4  | Found a frozen archway.
 35348 | IceCv    | Entered an ice cave
 35364 | IceCv    | Identified the +5 scale mail of Jeteo {Stlth+}
 35760 | Swamp:4  | Noticed Mara
 35780 | Swamp:4  | Noticed Spaninq's illusion
 35986 | Swamp:4  | Noticed Spaninq's illusion
 35990 | Swamp:4  | Noticed Spaninq's illusion
 35992 | Swamp:4  | Killed Mara
 36495 | Swamp:4  | Reached XP level 20. HP: 147/164 MP: 25/25
 36634 | Swamp:4  | Got a decaying rune of Zot
 37268 | Orc:1    | Bought a glowing arbalest for 172 gold pieces
 37290 | Elf:1    | Entered Level 1 of the Elven Halls
 37291 | Elf:1    | Found Uvesatic's Book Shoppe.
 37294 | Elf:1    | Found Irun's Assorted Antiques.
 37296 | Elf:1    | Found Oduelauf's General Store.
 37312 | Elf:1    | Bought 2 potions of heal wounds for 330 gold pieces
 37314 | Elf:1    | Bought a scroll of enchant weapon for 97 gold pieces
 37777 | Elf:1    | Identified the +0 pair of boots of Faymutia {Dex+3}
 38121 | Elf:1    | You fall into a shaft and drop 1 floor!
 39201 | Elf:2    | Found a runed translucent gate.
 39202 | Elf:2    | Found a runed translucent gate.
 39210 | Elf:2    | Found a runed translucent gate.
 39332 | Elf:2    | Found Zecam's Magic Scroll Shoppe.
 39357 | Elf:2    | Bought a scroll of fear for 42 gold pieces
 39357 | Elf:2    | Bought a scroll of magic mapping for 42 gold pieces
 39823 | Elf:2    | Reached skill level 15 in Crossbows
 40045 | Elf:2    | Cast into level 2 of the Abyss (+6 double sword of
                  | distortion)
 40045 | Abyss:2  | Found an ornate altar of the Wu Jian Council.
 40068 | Abyss:2  | Reached XP level 21. HP: 134/172 MP: 26/26
 40217 | Abyss:2  | Reached skill level 10 in Dodging
 40428 | Abyss:2  | Noticed a profane servitor
 40430 | Elf:2    | Escaped the Abyss
 40457 | Elf:2    | HP: 6/172 [deep elf pyromancer/bolt of fire (32)]
 41200 | Elf:3    | Entered Level 3 of the Elven Halls
 41215 | Elf:3    | Found Hunwimog's Distillery.
 41220 | Elf:3    | Bought a potion of curing for 57 gold pieces
 41486 | Elf:3    | Found Iwehakai's Antique Weapon Emporium.
 42228 | Elf:3    | Noticed a Tzitzimitl
 42233 | Elf:3    | Identified the ring of Accord {Str+3 Dex+6}
 42246 | Elf:3    | Identified the +7 hand axe "Datroh" {vamp, *Noise +Blink
                  | rF+ Int+5}
 42263 | Elf:3    | HP: 6/158 [blizzard demon/the air[a deep elf demonologist]
                  | (6)]
 42264 | Elf:3    | Identified the +5 mace of Firphahos {vamp, rElec rF+ Dex+4}
 42273 | Elf:3    | HP: 2/158 [ghostly deep elf annihilator/crystal spear (48)]
 42282 | Elf:3    | Killed from afar by a deep elf sorcerer

Illustrated notes

Levels and vault maps discovered:
D:1:      dpeg_arrival_water_fire, layout_loops_ring,
          ebering_ecumenical_altar_abandoned, kennysheep_nondescript
D:2:      cheibrodos_old_hovel, layout_rooms
D:3:      layout_basic
D:4:      layout_basic, grunt_temple_overflow_order_and_chaos_1,
          lightli_corner_chamber, uniq_blork_the_orc, uniq_menkaure,
          uniq_natasha
D:5:      layout_rooms, gammafunk_temple_overflow_forgotten,
          portal_sewer_entry_e, minmay_shop_mayhem, nicolae_stop_n_shop_1
D:6:      layout_rooms, minmay_temple_entry_glass, nicolae_shop_firing_range,
          uniq_maggie
D:7:      layout_loops_ring, general_overflow_altar, grunt_ogre_cave,
          dk_noncrumbling_3, uniq_crazy_yiuf_cottage, uniq_joseph
D:8:      layout_loops_cross, beargit_hepliaklqana_dungeon_heroes,
          mainiacjoe_overflow_six_doors_small, kennysheep_generic_room_8,
          uniq_pikel
D:9:      layout_layer_cave, nemelex_diamond_rough_becter, zombieorc1_lemuel
D:10:     layout_stronghold, lair_entry_dummy, minivault_16,
          kennysheep_generic_room_16
D:11:     layout_long_grid, amcnicky_mini_pool_small, uniq_maurice
D:12:     layout_gridville, ebering_ghost_rock_garden, zin_angel
D:13:     layout_cave_pools, grunt_vaults_entry_tiered, uniq_sonja
Temple:   cyrus_circular_temple
Lair:1:   layout_long_grid, chequers_serial_rivers_micro_a, st_stairs_7,
          nzn_random_ring, serial_bayou_shore_a, lemuel_fruit_fields,
          lemuel_fruit_fields
Lair:2:   layout_hall_layers, nicolae_swamp_entry_splash_gauntlet,
          beast_lair_carwin_3
Lair:3:   layout_misc_corridors, nicolae_spider_entry_tight_spaces,
          grunt_megastairs_2
Lair:4:   layout_cellular_growth, basic_altar
Lair:5:   layout_gridlike, serial_bayou_pond_b, chequers_serial_rivers_small_b,
          infiniplex_staircase_pool_2
Lair:6:   hangedman_lair_tendril_chambers, layout_regular_city,
          dpeg_slime_entry_enclosed_altar, serial_bayou_lake_a, uniq_nessos
Swamp:1:  layout_basic_swamp, serial_swamp_ruin, evilmike_swamp_ruin_house_4,
          evilmike_swamp_ruin_house_5
Swamp:2:  layout_falls_marsh, nicolae_swamp_orc_logging_accident, uniq_louise
Swamp:3:  layout_basic_swamp, nicolae_swamp_stair_fork, swamp_pool4,
          uniq_bai_suzhen
Swamp:4:  swamp_basic_johnstein, layout_basic_swamp,
          portal_ice_cave_entry_pillars_1, uniq_mara
Spider:1: layout_chambers, gammafunk_ghost_arena
Spider:2: layout_spider_delve, nicolae_spider_cling_halls, uniq_nikola,
          uniq_arachne
Spider:3: nicolae_spider_hilbert_zone_6 [nicolae_spider_hilbert_4_sides_1_open,
          nicolae_spider_hilbert_4_sides_1_open,
          nicolae_spider_hilbert_4_sides_1_open,
          nicolae_spider_hilbert_4_sides_1_open,
          nicolae_spider_hilbert_4_sides_1_open,
          nicolae_spider_hilbert_4_sides_1_open,
          nicolae_spider_hilbert_4_sides_1_open], ebering_ghost_xom,
          nicolae_orb_stairs, uniq_agnes
Spider:4: johnstein_spider_rune_arachne_lair
Orc:1:    layout_caves, serial_shops, shop, shop, nicolae_square_shop,
          nicolae_shop_stone, nicolae_shop_crystal, basic_altar, uniq_harold
Orc:2:    pf_orc_diabolical, layout_caves, gammafunk_ghost_cemetery,
          special_room, nicolae_volcano_entry_hallway
Elf:1:    layout_geoelf_grid, minivault_28, minivault_26,
          hangedman_elf_power_crystal, minmay_shop_star
Elf:2:    nicolae_elf_blades_splatter_lattice [nicolae_blade_bullseye],
          layout_onion_city, serial_shops, shop
Elf:3:    minmay_elf_hall_spiked, layout_gridlike, serial_shops, shop,
          minmay_shop_grid_forest

Skill      XL: |  1  2  3  4  5  6  7  8  9 10 11 12 13 14 15 16 17 18 19 20 21 |
---------------+----------------------------------------------------------------+-----
Armour         | 1 2 3 4 5 6 8 9 10 11 12 13 14 15 16 | 16.6
Staves         | 4 5 6 8 |  8.3
Fighting       | 3 4 6 7 8 9 10 11 12 13 14 15 16 | 16.7
Maces & Flails | 4 7 9 11 13 14 15 16 | 16.7
Shields        | 3 5 7 9 11 12 13 14 15 16 | 16.8
Crossbows      | 4 7 9 11 12 13 15 | 15.8
Dodging        | 4 5 6 7 9 10 | 10.5
Invocations    | 4 6 7 |  7.2
Bows           | |  0.4
Throwing       | |  2.0

Action                   |  1- 3 |  4- 6 |  7- 9 | 10-12 | 13-15 | 16-18 | 19-21 || total
-------------------------+-------+-------+-------+-------+-------+-------+-------++-------
Melee: Quarterstaff      |    59 |   223 |   204 |       |       |       |       ||   486
       Shillelagh        |       |       |    52 |   324 |   622 |   906 |  1017 ||  2921
       Flail             |       |       |       |       |    22 |    57 |       ||    79
 Fire: Hand crossbow     |       |       |       |       |       |    84 |   188 ||   272
Invok: Grand Finale      |       |       |       |       |       |     1 |       ||     1
       Line Pass         |       |       |       |       |       |       |     3 ||     3
       Stomp             |       |       |       |       |       |       |     1 ||     1
 Abil: Dig               |       |       |     1 |       |       |       |       ||     1
  Use: Scroll            |       |       |    17 |     8 |     4 |       |     6 ||    35
       Potion            |       |       |       |     2 |       |       |    13 ||    15
 Stab: Paralysed         |     1 |     1 |     5 |    17 |    40 |    59 |    92 ||   215
Armor: Chain mail        |    37 |   128 |   119 |       |       |       |       ||   284
       Crystal plate arm |       |       |    19 |   236 |   310 |   466 |   441 ||  1472
Dodge: Dodged            |    24 |   101 |   106 |    49 |    93 |   140 |   176 ||   689
Block: Kite shield       |       |       |       |    70 |   302 |     3 |       ||   375
       Tower shield      |       |       |       |       |       |  1041 |  1013 ||  2054
       Reflection        |       |       |       |       |       |     5 |    94 ||    99
